 Dungeon Crawl Stone Soup version 0.21.1-1-g345015fe64 (webtiles) character file.

455 Jannitor the Skirmisher (level 6, -1/57 HPs)
             Began as a Minotaur Monk on May 30, 2018.
             Slain by a mummy (10 damage)
             ... in an ossuary.
             The game lasted 00:06:45 (4141 turns).

Jannitor the Skirmisher (Minotaur Monk)             Turns: 4141, Time: 00:06:46

Health: -1/57      AC:  2    Str: 12 (15) XL:     6   Next: 76%
Magic:  5/5        EV: 15    Int:  5 (7)  God:
Gold:   121        SH:  6    Dex: 15      Spells: 5/5 levels left

rFire    . . .     SeeInvis .     - Unarmed
rCold    . . .     Gourm    .   k - +2 buckler
rNeg     . . .     Faith    .   (no armour)
rPois    .         Spirit   .   (helmet restricted)
rElec    .         Reflect  .   (no cloak)
rCorr    .         Harm     .   i - +1 pair of gloves
MR       .....                  (no boots)
Stlth    ++........             (no amulet)
HPRegen  0.19/turn              (no ring)
MPRegen  0.09/turn              (no ring)

@: no status effects
A: retaliatory headbutt, horns 2
a: no special abilities


You were in an ossuary.
You were very hungry.

You visited 1 branch of the dungeon, and saw 5 of its levels.
You also visited: Ossuary.

You collected 121 gold pieces.

Inventory:

Armour
 i - a +1 pair of gloves (worn)
 k - a +2 buckler (worn)
Jewellery
 d - a cursed ring of positive energy {unknown}
Scrolls
 c - 6 scrolls of identify
 g - a scroll of amnesia
 j - a scroll of remove curse
Potions
 a - 2 potions of brilliance
Comestibles
 b - 2 rations


   Skills:
 + Level 6.1 Fighting
 + Level 5.6 Dodging
 - Level 1.5 Stealth
 + Level 0.7 Shields
 + Level 5.4 Unarmed Combat


You had 5 spell levels left.
You didn't know any spells.

Dungeon Overview and Level Annotations

Branches:
Dungeon (5/15)
 Temple: D:4-7

Altars:
Ashenzari
Fedhas
Makhleb
Trog

Annotations:
D:3 2 transporters
D:4 raetorn's ghost, novice DsGl


Innate Abilities, Weirdness & Mutations

You reflexively headbutt those who attack you in melee.
You have a pair of horns on your head.


Message History

The mummy misses you.
You hit the mummy.
The mummy is moderately damaged.
You hit the mummy.
The mummy is moderately damaged.
You hit the mummy. You headbutt the mummy.
The mummy is almost destroyed.
You hit the mummy but do no damage.
The mummy is almost destroyed.
The mummy hits you!!
* * * LOW HITPOINT WARNING * * *
The mummy closely misses you. You furiously retaliate!
You headbutt the mummy!
You destroy the mummy!
The mummy closely misses you. The kobold zombie hits you.
* * * LOW HITPOINT WARNING * * *
There is an open door here.
The mummy hits you!
* * * LOW HITPOINT WARNING * * *
The mummy hits you!
You die...

##...... ###
#......##..## ..
#.....##....##....
#.................
#...............
#Z............
#M##........#
##.M##M.....#
#.@..##MM..##
#......#....#
#$?.....#....#
#$?.....#M...#
#$$!....#....#
##$!?...#....#
#$$?..##....#
##$...##....#
#.∩∩.#


You could see 2 mummies and a kobold zombie.

Vanquished Creatures
  A scorpion (D:4)
  2 hounds (D:4)
  An iguana (D:4)
  An orc wizard (D:3)
  4 mummies (Ossuary)
  3 gnolls (D:4)
  7 adders
  An ooze (D:1)
  2 worms (D:3)
  5 dart slugs (D:1)
  2 leopard geckos
  16 orcs
  4 giant cockroaches
  9 goblins
  7 hobgoblins
  6 jackals (D:3)
  10 kobolds
  A quokka (D:3)
  2 ball pythons (D:3)
  7 bats
  5 frilled lizards
  2 hobgoblin zombies (Ossuary)
  2 kobold zombies (Ossuary)
  3 orc zombies (Ossuary)
  19 rats
122 creatures vanquished.

Notes
Turn   | Place    | Note
-------+----------+-------------------------------------------
     0 | D:1      | Jannitor the Minotaur Monk began the quest for the Orb.
     0 | D:1      | Reached XP level 1. HP: 19/19 MP: 0/0
    28 | D:1      | Reached XP level 2. HP: 21/27 MP: 1/1
   135 | D:1      | Reached skill level 4 in Fighting
   318 | D:1      | Reached XP level 3. HP: 31/33 MP: 2/2
   852 | D:2      | Found a burning altar of Makhleb.
   882 | D:2      | Reached XP level 4. HP: 21/41 MP: 3/3
  1179 | D:2      | Noticed a black bear
  1377 | D:2      | Found a bloodstained altar of Trog.
  1658 | D:2      | HP: 1/41 [orc/club (4)]
  2220 | D:3      | Reached skill level 5 in Fighting
  2220 | D:3      | Reached XP level 5. HP: 48/48 MP: 4/4
  2271 | D:3      | Found a transporter.
  2281 | D:3      | Found a transporter.
  2309 | D:3      | Found a shattered altar of Ashenzari.
  2841 | D:3      | Found a blossoming altar of Fedhas.
  3023 | D:4      | Reached skill level 5 in Dodging
  3175 | D:4      | Reached skill level 5 in Unarmed Combat
  3175 | D:4      | Reached XP level 6. HP: 49/56 MP: 5/5
  3193 | D:4      | Noticed raetorn's ghost (novice DsGl)
  3717 | D:4      | Reached skill level 6 in Fighting
  3901 | D:5      | Entered Level 5 of the Dungeon
  4042 | D:5      | Found a sand-covered staircase.
  4048 | Ossuary  | Entered an ossuary
  4141 | Ossuary  | Slain by a mummy

Skill      XL: |  1  2  3  4  5  6 |
---------------+-------------------+-----
Fighting       | 4 5 6 |  6.1
Dodging        | 4 5 |  5.6
Unarmed Combat | 4 5 |  5.4
Stealth        | |  1.5
Shields        | |  0.7

Action                   |  1- 3 |  4- 6 || total
-------------------------+-------+-------++-------
Melee: Unarmed           |    87 |   244 ||   331
       Headbutt          |    13 |    37 ||    50
       Punch             |     1 |     8 ||     9
  Use: Potion            |       |     7 ||     7
       Scroll            |       |     7 ||     7
 Stab: Sleeping          |     3 |     1 ||     4
  Eat: Chunk             |       |     9 ||     9
Armor: Skin              |       |    17 ||    17
Dodge: Dodged            |    63 |   171 ||   234
Block: Buckler           |       |     3 ||     3
